 Dungeon Crawl Stone Soup version 0.31-a0-187-gba352fbbf7 (webtiles) character file.

Game seed: 6087226775478982408

200 qw the Skirmisher (level 5, -5/29 HPs)
             Began as a Deep Elf Hunter on June 22, 2023.
             Killed by divine providence
             ... invoked by an orc priest
              (15 damage)
             ... on level 2 of the Dungeon.
             The game lasted 00:00:50 (1827 turns).

qw the Skirmisher (Deep Elf Hunter)                 Turns: 1827, Time: 00:00:51

Health: -5/29      AC:  8    Str: 10    XL:     5   Next: 48%
Magic:  7/7        EV: 11    Int: 14    God:
Gold:   76         SH:  0    Dex: 18    Spells: 4/4 levels left

rFire   . . .        Y - +0 shortbow
rCold   . . .        (shield currently unavailable)
rNeg    . . .        h - +0 ring mail
rPois   .            j - +1 helmet
rElec   .            (no cloak)
rCorr   .            e - +0 pair of gloves
SInv    .            (no boots)
Will    .....        (no amulet)
Stlth   +            (no ring)
HPRegen 0.24/turn    (no ring)
MPRegen 0.10/turn

%: no passive effects
@: no status effects
A: no striking features
a: no special abilities


You were on level 2 of the Dungeon.
You visited 1 branch of the dungeon, and saw 4 of its levels.

You collected 76 gold pieces.


   Skills:
 + Level 1.6 Fighting
 - Level 9.0 Ranged Weapons
 - Level 2.4 Dodging
 - Level 1.2 Stealth


You had 4 spell levels left.
You didn't know any spells.
Your spell library was empty.

Inventory:

Hand Weapons
 Y - a +0 shortbow (weapon)
Armour
 e - a +0 pair of gloves (worn)
 h - a +0 ring mail (worn)
 j - a +1 helmet (worn)
Scrolls
 g - a scroll of identify
Potions
 b - a potion of berserk rage {unknown}
 c - a potion of haste
 d - a potion of degeneration {unknown}
 f - a potion of heal wounds

Dungeon Overview and Level Annotations

Branches:
Dungeon (4/15)
 Temple: D:4-7

Altars:
Uskayaw

Annotations:
D:2 1 runed translucent door, Crazy Yiuf


Message History

You climb downwards.
The orc shouts!
The orc priest shouts!
The orc wizard shouts!
The orc shouts!
The orc priest calls down the wrath of Beogh upon you.
Beogh smites you! The orc hits you with a +0 short sword.
Found an escape hatch in the floor.
Found a stone staircase leading down.
There is a stone staircase leading up here.
1821 ||| STAIRDANCE The orc priest hits you with a +0 club.
The orc hits you but does no damage. The orc hits you with a +0 dagger.
The orc priest begins to cast a cantrip, but forgets the words!
You climb upwards.
Level annotation: 1 runed translucent door, Crazy Yiuf
There is a stone staircase leading down here.
Enter note:
Enter note:
Enter note:
Enter note:
Enter note:
Enter note:
Enter note:
Enter note: You shoot an arrow.
The arrow closely misses the orc.
The orc barely misses you. The orc hits you but does no damage.
The orc priest miscasts a cantrip.
You shoot an arrow.
The arrow hits the orc but does no damage.
The orc barely misses you. The orc closely misses you.
You shoot an arrow. The arrow hits the orc.
The orc is severely wounded.
The orc completely misses you. The orc hits you but does no damage.
You shoot an arrow. The arrow hits the orc.
You kill the orc!
The orc misses you.
You shoot an arrow. The arrow barely misses the orc.
The arrow hits the orc priest but does no damage.
The orc hits you but does no damage.
The orc priest calls down the wrath of Beogh upon you.
Beogh smites you!
Ouch! That really hurt!
You die...

########...##.#########.# #+
######...........# 77!
#############..#############
7.7 .........>.....# ##.#
77.7 ##############.# #..#
7.77 # #.# #..# 77.7 # #.#
#..# 7.). # #o###########.#
7).. # #oo@)........## #)..
# ##########....###)..
####################
#.#.#.###..
...................# #.#.#.#
#.. ##################.#
#)#.#.# #.# #.# #.#.#.# #.#
#.# #.#.#.# #.# #.# #.#.#.#
#.# #### #.# #)#.#.###.#


You could see 2 orc priests and an orc.

Vanquished Creatures
  A jelly (D:4)
  Natasha (thrice) (D:2)
  2 adders (D:2)
  2 dart slugs (D:1)
  An orc (D:2)
  6 ball pythons
  5 endoplasms (D:1)
  3 goblins
  10 hobgoblins
  14 jackals
  2 kobolds
  A quokka (D:1)
  4 bats
  2 frilled lizards (D:1)
  6 rats
62 creatures vanquished.

Notes
Turn   | Place    | Note
-------+----------+-------------------------------------------
     0 | D:1      | qw the Deep Elf Hunter began the quest for the Orb.
     0 | D:1      | Reached XP level 1. HP: 12/12 MP: 3/3
     0 | D:1      | 0 ||| qw: Version: 0.3-a-9-g12657ce
     0 | D:1      | 0 ||| qw: Game counter: 2544
     0 | D:1      | 0 ||| qw: Always use a shield: true
     0 | D:1      | 0 ||| qw: God list: Okawaru
     0 | D:1      | 0 ||| qw: Allow faded altars: false
     0 | D:1      | 0 ||| qw: Do Orc after D:15 true
     0 | D:1      | 0 ||| qw: Do second Lair branch before Depths: true
     0 | D:1      | 0 ||| qw: Lair rune preference: random
     0 | D:1      | 0 ||| qw: Plans: Normal
     0 | D:1      | 0 ||| PLANNING D:1-11
    32 | D:1      | Reached XP level 2. HP: 8/16 MP: 4/4
    44 | D:1      | 44 ||| FLEEEEING.
    82 | D:1      | Reached skill level 6 in Ranged Weapons
   279 | D:1      | 279 ||| FLEEEEING.
   333 | D:1      | Reached XP level 3. HP: 12/20 MP: 5/5
   545 | D:1      | Found a faded altar of an unknown god.
   554 | D:1      | Reached skill level 7 in Ranged Weapons
   770 | D:1      | 770 ||| UPGRADING to +0 ring mail.
   780 | D:1      | 780 ||| DROPPING +0 leather armour.
   781 | D:1      | 781 ||| UPGRADING to +1 helmet.
   786 | D:1      | 786 ||| READING scroll labelled JYSHRO UPIUMO.
   787 | D:1      | 787 ||| READING scroll labelled YDDACV SOLEUSK.
   788 | D:1      | 788 ||| DROPPING scroll of butterflies.
   831 | D:2      | Noticed Natasha
   840 | D:2      | Killed Natasha
   841 | D:2      | Reached XP level 4. HP: 25/25 MP: 6/6
   908 | D:2      | Noticed Natasha
   912 | D:2      | Killed Natasha
   913 | D:2      | Reached skill level 8 in Ranged Weapons
   946 | D:2      | You fall into a shaft and drop 2 floors!
   966 | D:4      | 966 ||| READING 2 scrolls labelled WEP FECUTT.
   967 | D:4      | 967 ||| READING scroll labelled KAH YTZYGON.
   968 | D:4      | 968 ||| READING scroll labelled AKOAVU YKKEN.
   985 | D:4      | 985 ||| DRINKING 2 cyan potions.
  1011 | D:4      | 1011 ||| DRINKING 2 grey potions.
  1012 | D:4      | 1012 ||| DROPPING potion of lignification.
  1013 | D:4      | 1013 ||| Stepping randomly (stuck).
  1014 | D:4      | 1014 ||| Stepping randomly (stuck).
  1015 | D:4      | 1015 ||| Stepping randomly (stuck).
  1016 | D:4      | 1016 ||| Stepping randomly (stuck).
  1017 | D:4      | 1017 ||| Stepping randomly (stuck).
  1018 | D:4      | 1018 ||| Stepping randomly (stuck).
  1019 | D:4      | 1019 ||| Stepping randomly (stuck).
  1020 | D:4      | 1020 ||| Stepping randomly (stuck).
  1021 | D:4      | 1021 ||| Stepping randomly (stuck).
  1022 | D:4      | 1022 ||| Stepping randomly (stuck).
  1023 | D:4      | 1023 ||| Stepping randomly (stuck).
  1024 | D:4      | 1024 ||| Stepping randomly (stuck).
  1038 | D:4      | Reached XP level 5. HP: 17/29 MP: 7/7
  1108 | D:3      | 1108 ||| UPGRADING to +0 pair of gloves.
  1147 | D:2      | Found a hide-covered altar of Uskayaw.
  1348 | D:2      | Found a runed translucent door.
  1349 | D:2      | Noticed Crazy Yiuf
  1584 | D:2      | Noticed Natasha
  1597 | D:2      | Killed Natasha
  1598 | D:2      | Reached skill level 9 in Ranged Weapons
  1780 | D:2      | 1780 ||| DROPPING amulet of magic regeneration.
  1781 | D:2      | 1781 ||| READING 2 scrolls of identify.
  1781 | D:2      | 1781 ||| IDENTIFYING fuming dark potion
  1782 | D:2      | 1782 ||| DROPPING potion of magic.
  1821 | D:3      | 1821 ||| STAIRDANCE
  1827 | D:2      | Killed from afar by an orc priest

Levels and vault maps discovered:
D:1:      roderic_dead_forest, layout_loops_ring, ebering_ecumenical_altar_box
D:2:      layout_loops_ring, basic_altar, uniq_natasha, uniq_crazy_yiuf_cottage
D:3:      layout_loops_cross, grunt_ministairs_7, minivault_14,
          nicolae_concentric_dashed_squares_wild, minmay_quantized
D:4:      layout_gridville, serial_shops, nicolae_shop_tiny_glass,
          ebering_ghost_inner_flame, skrybe_limestone_x, minivault_24

Skill      XL: |  1  2  3  4  5 |
---------------+----------------+-----
Ranged Weapons | 6 7 8 9 |  9.0
Fighting       | |  1.6
Dodging        | |  2.4
Stealth        | |  1.2

Action                     |  1- 3 |  4- 6 || total
---------------------------+-------+-------++-------
   Fire: Shortbow          |    90 |    74 ||   164
    Use: Scroll            |     2 |     4 ||     6
         Potion            |       |     2 ||     2
 Armour: Leather armour    |    19 |       ||    19
         Ring mail         |     3 |    19 ||    22
  Dodge: Dodged            |    42 |    24 ||    66

Table legend:
 A = Non-vault XP
 B = Vault XP
 C = Vault XP percentage of total XP
 D = Non-vault monster count
 E = Vault monster count
 F = Vault count percentage of total count
                 A         B        C        D         E       F
            +---------+---------+-------+---------+---------+-------
      Total |     248 |      38 |  13.3 |      60 |       2 |   3.2
            +---------+---------+-------+---------+---------+-------
        D:1 |      72 |       0 |   0.0 |      38 |       0 |   0.0
        D:2 |     116 |      38 |  24.7 |      15 |       2 |  11.8
        D:3 |       1 |       0 |   0.0 |       1 |       0 |   0.0
        D:4 |      59 |       0 |   0.0 |       6 |       0 |   0.0
            +---------+---------+-------+---------+---------+-------
